 Dungeon Crawl Stone Soup version 0.23.1 (webtiles) character file.

Game seed: 9088450587697685742

23 PentaManta the Ducker (level 2, -6/21 HPs)
             Began as an Octopode Monk on Mar 10, 2019.
             Killed by divine providence
             ... invoked by an orc priest
              (12 damage)
             ... on level 6 of the Dungeon.
             The game lasted 00:01:47 (450 turns).

PentaManta the Ducker (Octopode Monk)                Turns: 450, Time: 00:01:49

Health: -6/21      AC:  1    Str: 10    XL:     2   Next: 95%
Magic:  2/2        EV: 14    Int: 12    God:
Gold:   21         SH:  0    Dex: 14    Spells: 1/1 levels left

rFire    . . .     SeeInvis .   a - +0 mace
rCold    . . .     Gourm    .   (no shield)
rNeg     . . .     Faith    .   (helmet restricted)
rPois    .         Spirit   .   (no amulet)
rElec    .         Reflect  .   (no ring)
rCorr    .         Harm     .   (no ring)
MR       .....                  (no ring)
Stlth    +++.......             (no ring)
HPRegen  0.07/turn              (no ring)
MPRegen  0.08/turn              (no ring)
                                (no ring)
                                (no ring)

@: no status effects
A: almost no armour, stealthy swim, amphibious, 8 rings, constrict 8, camouflage
1, gelatinous body 1
a: no special abilities


You were on level 6 of the Dungeon.
You were not hungry.

You visited 1 branch of the dungeon, and saw 4 of its levels.

You collected 21 gold pieces.

Inventory:

Hand Weapons
 a - a +0 mace (weapon)
Scrolls
 c - a scroll of random uselessness {unknown}
Potions
 d - a potion of ambrosia {unknown}
Comestibles
 b - 2 rations


   Skills:
 + Level 3.2 Fighting
 + Level 3.4 Maces & Flails
 + Level 3.4 Dodging
 + Level 2.8 Stealth


You had one spell level left.
You didn't know any spells.
Your spell library was empty.

Dungeon Overview and Level Annotations

Branches:
Dungeon (3/15)

Altars:
Wu Jian
Xom

Annotations:
D:2 Jessica


Innate Abilities, Weirdness & Mutations

You cannot wear most types of armour.
You are very stealthy in the water. (Stealth+)
You are amphibious.
You can wear up to eight rings at the same time.
You can use your tentacles to constrict eight enemies at once.
Your skin changes colour to match your surroundings (Stealth+).
Your rubbery body absorbs attacks. (AC +1, EV +1)


Message History

Your surroundings suddenly seem different.
There is a shaft here.
You fall through a shaft for 3 floors!
The shaft crumbles and collapses.
An iguana comes into view.
Found the +2 hat of the Bear Spirit {Spirit, +Rage rN+ MR++} and a trident.
Found an ornate altar of the Wu Jian Council.
The iguana hisses angrily.
Found a short sword.
A worker ant and an orc priest come into view.
The worker ant completely misses you. The worker ant closely misses you.
The worker ant completely misses you. 2 orcs, an orc warrior and an orc wizard come into view.
The orc shouts!
You hear a shout!
The orc priest shouts!
A centaur comes into view.
The worker ant misses you.
The orc priest invokes the aid of Beogh against you.
Beogh smites you!
Ouch! That really hurt!
You die...

##### #...###########
#....l.........
#.l####.####..
#).##.....##
#a.#.[.....#
#.@#.......#
..oo.o......_.....#
ooc###..#.......#.....
# ##.#.......#....#
#.##.....## ..##
#.####.### .) #.. ....
. ... ...##


You could see an orc warrior (wandering), a centaur, an iguana, a worker ant, an
orc priest, an orc wizard (wandering) and 2 orcs.

Vanquished Creatures
  An adder (D:2)
  A ball python (D:1)
  A bat (D:1)
  A giant cockroach (D:1)
  2 hobgoblins (D:1)
  3 jackals (D:1)
  A frilled lizard (D:1)
  A goblin (D:1)
  2 rats
13 creatures vanquished.

Notes
Turn   | Place    | Note
-------+----------+-------------------------------------------
     0 | D:1      | PentaManta the Octopode Monk began the quest for the Orb.
     0 | D:1      | Reached XP level 1. HP: 16/16 MP: 1/1
   157 | D:1      | Reached XP level 2. HP: 10/21 MP: 2/2
   386 | D:2      | Noticed Jessica
   429 | D:3      | Found a shimmering altar of Xom.
   439 | D:3      | You fall through a shaft for 3 floors!
   439 | D:6      | Found an ornate altar of the Wu Jian Council.
   439 | D:6      | Found the +2 hat of the Bear Spirit {Spirit, +Rage rN+
                  | MR++}
   450 | D:6      | Noticed an orc warrior
   450 | D:6      | Noticed a centaur
   450 | D:6      | Killed from afar by an orc priest

Action                   || total
-------------------------++-------
Melee: Mace              ||    22
       Constrict         ||     7
       Tentacles         ||     4
 Stab: Sleeping          ||     1
Armor: Skin              ||     1
Dodge: Dodged            ||    58
